 Dungeon Crawl Stone Soup version 0.31-a0-1591-g515db51633 (webtiles) character file.

Game seed: 15616312635438355763

71461 James the Slicer (level 15, -7/77 HPs)
             Began as a Vine Stalker Fighter on Jan 6, 2024.
             Was a Follower of Uskayaw.
             Killed by divine providence
             ... invoked by Saint Roka
              (11 damage)
             ... on level 2 of the Orcish Mines.
             The game lasted 01:29:35 (19719 turns).

James the Slicer (Vine Stalker Fighter)            Turns: 19719, Time: 01:29:36

Health: -7/77      AC: 38    Str: 25    XL:     15   Next: 36%
Magic:  0/24       EV:  7    Int:  8    God:    Uskayaw [*.....]
Gold:   2250       SH: 17    Dex: 21    Spells: 14/14 levels left

rFire   + . .        a - +7 rapier "Ihuum" {vamp, rN+ SInv Stlth+}
rCold   + . .        I - +3 kite shield
rNeg    + . .        s - +12 crystal plate armour of Futav {rPois}
rPois   +            M - +2 helmet "Pujih" {+Inv SInv}
rElec   .            D - +0 cloak {rF+}
rCorr   .            X - +0 pair of gloves
SInv    +            O - +1 pair of boots {rampage}
Will    +....        e - amulet of magic regeneration Stlth
                     o - ring of protection from cold
HPRegen 1.12/turn    t - +6 ring of strength
MPRegen 0.59/turn

%: guardian spirit, rampage
@: studying Summonings
A: fangs 3, regeneration 1, magic shield, antimagic bite, no potion heal 2
a: Renounce Religion, Evoke Invisibility, Stomp


You were on level 2 of the Orcish Mines.
You worshipped Uskayaw.
Uskayaw was aware of your devotion.
You visited 4 branches of the dungeon, and saw 20 of its levels.
You also visited: Volcano.

You collected 2444 gold pieces.
You spent 194 gold pieces at shops.

Inventory:

Hand Weapons
 a - the +7 rapier "Ihuum" (weapon) {vamp, rN+ SInv Stlth+}
   (You found it on level 3 of the Dungeon)

   rN+:       It protects you from negative energy.
   SInv:      It lets you see invisible.
   Stlth+:    It makes you more stealthy.
 b - a +1 sling of flaming
   (You took it off a goblin on level 4 of the Dungeon)
 k - the +5 trident "Giogganes" {vamp, rPois}
   (You found it on level 5 of the Lair of Beasts)

   rPois:     It protects you from poison
 U - a +3 scimitar of flaming
   (You took it off an efreet on level 12 of the Dungeon)
Missiles
 l - 5 curare-tipped darts {!f}
 q - 14 poisoned darts (quivered)
 x - 7 javelins
 y - 19 boomerangs
 L - a throwing net {!f}
Armour
 s - the +12 crystal plate armour of Futav (worn) {rPois}
   (You found it on level 10 of the Dungeon)

   rPois:     It protects you from poison
 D - a +0 cloak of fire resistance (worn)
   (You found it in a volcano)
 I - a +3 kite shield (worn)
   (You took it off a gnoll sergeant on level 10 of the Dungeon)
 M - the +2 helmet "Pujih" (worn) {+Inv SInv}
   (You found it on level 12 of the Dungeon)

   SInv:      It lets you see invisible.
   +Inv:      It lets you turn invisible.
 O - a +1 pair of boots of rampaging (worn)
   (You found it on level 12 of the Dungeon)
 X - a +0 pair of gloves (worn)
   (You found it on level 2 of the Lair of Beasts)
Jewellery
 e - an amulet of magic regeneration (around neck)
   (You found it on level 11 of the Dungeon)
 i - a ring of protection from fire
   (You found it on level 4 of the Lair of Beasts)
 o - a ring of protection from cold (left hand)
   (You found it on level 7 of the Dungeon)
 r - a +5 ring of evasion
   (You found it on level 2 of the Dungeon)
 t - a +6 ring of strength (right hand)
   (You found it on level 3 of the Lair of Beasts)
 A - the ring "Ucies" {rCorr Str+3}
   (You found it on level 8 of the Dungeon)

   [ring of resist corrosion]

   Str+3:     It affects your strength (+3).
   rCorr:     It protects you from acid and corrosion.
 C - an amulet of the acrobat
   (You found it on level 8 of the Dungeon)
 R - a ring of magical power
   (You found it on level 1 of the Dungeon)
 Z - a +4 ring of protection
   (You found it on level 8 of the Dungeon)
Wands
 d - a wand of iceblast (8)
   (You found it on level 4 of the Lair of Beasts)
 v - a wand of digging (5)
   (You found it on level 10 of the Dungeon)
 E - a wand of mindburst (2)
   (You found it on level 10 of the Dungeon)
 H - a wand of polymorph (24)
   (You took it off Ijyb on level 3 of the Dungeon)
 W - a wand of charming (18)
   (You took it off Maggie on level 7 of the Dungeon)
Scrolls
 f - 2 scrolls of vulnerability {!r}
 h - a scroll of fear
 m - 3 scrolls of immolation {!r}
 n - 2 scrolls of enchant armour
 p - 4 scrolls of blinking
 w - 2 scrolls of revelation
 F - 7 scrolls of teleportation {@r4}
 K - a scroll of silence
 P - 4 scrolls of identify {@r1}
Potions
 g - a potion of resistance
 u - a potion of haste {@q3}
 z - a potion of enlightenment
 B - 3 potions of lignification {!q}
 G - 2 potions of might
 J - 4 potions of magic
 N - 3 potions of mutation {!q}
 Q - a potion of invisibility
 S - a potion of berserk rage
 Y - 7 potions of curing {@q1}
Miscellaneous
 c - a lightning rod (4/4) {!a}
   (You found it on level 12 of the Dungeon)
 j - a condenser vane
   (You found it on level 5 of the Lair of Beasts)
 T - a sack of spiders
   (You found it on level 12 of the Dungeon)
 V - a phial of floods
   (You found it on level 4 of the Lair of Beasts)


   Skills:
 + Level 7.8 Fighting
 - Level 14.0 Short Blades
 * Level 7.1 Armour
 + Level 6.7 Dodging
 + Level 13.6 Shields
 + Level 10.6 Invocations


You had 14 spell levels left.
You didn't know any spells.
Your spell library contained the following spells:

 Spells                   Type           Power      Damage    Failure   Level
 Kiss of Death            Conj/Necr      0%         2d5       100%        1
 Cigotuvi's Dreadful Rot  Necr/Alch/Air  0%         N/A       100%        2
 Ensorcelled Hibernation  Hex/Ice        0%         N/A       100%        2
 Mercury Vapours          Alch/Air       0%         N/A       100%        2
 Confusing Touch          Hex            0%         N/A       100%        3
 Gell's Gravitas          Tloc           0%         N/A       100%        3
 Mephitic Cloud           Conj/Alch/Air  0%         N/A       100%        3
 Passwall                 Erth           0%         N/A       100%        3
 Swiftness                Air            0%         N/A       100%        3
 Teleport Other           Tloc           0%         N/A       100%        3
 Anguish                  Hex/Necr       0%         N/A       100%        4
 Cause Fear               Hex            0%         N/A       100%        4
 Dispel Undead            Necr           0%         3d6       100%        4
 Ignite Poison            Fire/Alch      0%         N/A       100%        4
 Summon Blazeheart Golem  Fire/Summ      0%         N/A       100%        4
 Freezing Cloud           Conj/Ice/Air   0%         6-21      100%        5
 Dispersal                Tloc           0%         N/A       100%        6
 Enfeeble                 Hex            0%         N/A       100%        7
 Malign Gateway           Summ/Tloc      0%         N/A       100%        7
 Orb of Destruction       Conj           0%         9d5       100%        7
 Spellforged Servitor     Conj/Summ      0%         N/A       100%        7
 Summon Horrible Things   Summ           0%         N/A       100%        8


Dungeon Overview and Level Annotations

Branches:
Dungeon (12/15)            Temple (1/1) D:6            Lair (5/5) D:11
  Swamp (0/4) Lair:2        Snake (0/4) Lair:3        Slime (0/5) Lair:4
    Orc (2/2) D:9             Elf (0/3) Orc:2       Volcano (visited)

Altars:
Ashenzari
Cheibriados
Dithmenos
Elyvilon
Fedhas
Gozag
Hepliaklqana
Kikubaaqudgha
Makhleb
Nemelex Xobeh
Okawaru
Qazlal
Ru
Sif Muna
Trog
Uskayaw
Vehumet
Wu Jian
Xom
Yredelemnul
Zin
The Shining One
Lugonu

Shops:
D:11 ?:[(*   Orc:2 [*

Annotations:
Orc:2 Saint Roka


Innate Abilities, Weirdness & Mutations

You have razor-sharp teeth.
Your natural rate of healing is unusually fast.
When hurt, damage is shared between your health and your magic reserves.
Your bite disrupts and absorbs the magic of your enemies.
Potions cannot restore your health.


Message History

You hit Saint Roka.
You feel better.
You hit Saint Roka. Your bite misses Saint Roka.
Saint Roka hits you but does no damage.
You hit Saint Roka.
You feel better.
You bite Saint Roka. You drain their power.
You feel invigorated.
Saint Roka mumbles some strange prayers to Beogh against you.
Beogh smites you!
You barely miss Saint Roka. You bite Saint Roka, but do no damage.
You hit Saint Roka but do no damage.
Saint Roka mumbles some strange prayers to Beogh against you.
Beogh smites you!
You closely miss Saint Roka. You bite Saint Roka. You drain their power.
You feel invigorated.
You hit Saint Roka. You bite Saint Roka, but do no damage.
Saint Roka hits you but does no damage.
You barely miss Saint Roka. You bite Saint Roka. You drain their power.
You feel invigorated.
You hit Saint Roka but do no damage. You bite Saint Roka, but do no damage.
Saint Roka hits you with a +0 halberd!
You puncture Saint Roka! You bite Saint Roka! You drain their power.
You feel invigorated.
You can now pass through a line of other dancers.
You hit Saint Roka but do no damage. You bite Saint Roka.
You drain their power. Saint Roka hits you with a +0 halberd!
* * * LOW HITPOINT WARNING * * *
You hit Saint Roka but do no damage. Your bite misses Saint Roka.
Saint Roka calls down the wrath of Beogh upon you.
Beogh smites you!
* * * LOW HITPOINT WARNING * * *
You block Saint Roka's attack.
Saint Roka hits you from afar with a +0 halberd!!
* * * LOW HITPOINT WARNING * * *
Things that are here:
a +0 war axe; a +0 plate armour; an orc corpse Saint Roka says, "Down here, you're an orc or you're nobody."
Saint Roka attacks as they pursue you! Saint Roka closely misses you.
You can no longer pass through a line of other dancers.
Saint Roka mumbles some strange prayers to Beogh against you.
Beogh smites you!
* * * LOW HITPOINT WARNING * * *
Saint Roka mumbles some strange prayers to Beogh against you.
Beogh smites you!
* * * LOW HITPOINT WARNING * * *
Saint Roka calls down the wrath of Beogh upon you.
Beogh smites you!
* * * LOW HITPOINT WARNING * * *
Saint Roka mumbles some strange prayers to Beogh against you.
Beogh smites you!
You die...
Saint Roka roars, "Praise to Beogh!"

...........## ##.....[...
.........### #. ###.......
.......### #. ##...... ........##
##.......## #......
.........#####.........# #.......
..........#.#..........##........
............#....#...............
....#...........##...............
.....#).........@#...............
......)...........#.............#
.###...............#...........##
.###............#...#........#
.................#...o.......#.
..............................#
..........##.......).).........
.......#####........)..##......
........ ##.......)..###.....


You could see Saint Roka.

Vanquished Creatures
  Rupert (Lair:5)
  An orc warlord (Orc:1)
  Snorg (Orc:2)
  A fire dragon (Volcano)
  4 hydras
  An ogre mage (D:10)
  3 two-headed ogres
  3 boulder beetles
  2 hell hogs (Lair:5)
  Sonja (D:11)
  A deep elf knight (D:12)
  Urug (D:10)
  Amaemon (D:11)
  A fire crab (Volcano)
  3 skysharks
  Lodul (D:10)
  Pikel (D:9)
  A lindwurm (Lair:5)
  A bog body (Lair:2)
  3 ugly things
  2 cyclopes
  2 orc knights
  An orc sorcerer (Orc:1)
  4 kobold blastminers
  Maurice (D:12)
  The ghost of grizmgrazm2 the Poker, a novice OnWn of Nemelex Xobeh (D:6)
  A manticore (D:12)
  13 black mambas
  19 elephants
  5 molten gargoyles
  An orange demon (D:11)
  2 gargoyles (D:10)
  8 cane toads
  2 unseen horrors
  Maggie (D:7)
  An efreet (D:12)
  8 komodo dragons
  The ghost of iamserjio the Ruffian, a novice VSMo (D:5)
  7 trolls
  3 polar bears
  Grinder (D:3)
  3 blink frogs (Lair:5)
  A dream sheep (Lair:4)
  2 shadows
  A wraith (D:12)
  43 yaks
  2 vampires
  5 small abominations (D:8)
  4 wargs
  4 steam dragons
  9 wyverns
  11 fire bats (Volcano)
  6 basilisks
  2 vampire mosquitoes (D:11)
  26 water moccasins
  2 acid dragons
  4 hell hounds
  2 ice beasts (D:6)
  2 sky beasts (D:7)
  5 black bears
  27 orc warriors
  14 ogres
  3 lemures (D:9)
  18 wolves
  2 centaurs (D:9)
  A phantom (D:6)
  Blork the orc (D:5)
  2 kobold brigands (D:9)
  16 bullfrogs
  3 scorpions
  2 gnoll sergeants
  13 wights
  12 killer bees
  3 howler monkeys
  3 bombardier beetles
  11 lava snakes
  3 jellies
  A gnoll bouda (D:4)
  5 hounds
  11 orc priests
  Crazy Yiuf (D:3)
  An iguana (D:5)
  14 orc wizards
  A sleepcap (D:5)
  Ijyb (D:3)
  18 gnolls
  7 adders
  A white imp (D:6)
  4 ufetubi
  2 dart slugs
  3 ribbon worms
  66 orcs
  5 ball pythons
  10 endoplasms
  2 giant cockroaches
  9 goblins
  10 hobgoblins
  3 jackals (D:2)
  3 quokkas
  5 bats
  3 frilled lizards
  14 kobolds
  7 rats
591 creatures vanquished.

Vanquished Creatures (others)
  A komodo dragon (Lair:5)
  An orc wizard (Orc:1)
  A butterfly (D:5)
3 creatures vanquished.

Grand Total: 594 creatures vanquished

Notes
Turn   | Place    | Note
-------+----------+-------------------------------------------
     0 | D:1      | James the Vine Stalker Fighter began the quest for the Orb.
     0 | D:1      | Reached XP level 1. HP: 11/11 MP: 2/2
    87 | D:1      | Reached skill level 2 in Short Blades
   165 | D:1      | Reached XP level 2. HP: 16/16 MP: 1/3
   525 | D:1      | Reached XP level 3. HP: 19/19 MP: 4/4
   589 | D:1      | Reached skill level 1 in Dodging
   813 | D:2      | Reached skill level 3 in Short Blades
  1242 | D:2      | Found a faded altar of an unknown god.
  1694 | D:3      | Reached XP level 4. HP: 23/23 MP: 5/5
  1822 | D:3      | Noticed Grinder
  1936 | D:3      | Paralysed by Grinder for 4 turns
  2229 | D:3      | Identified the +1 dagger "Keps" {heavy, Str+2 Int+2 Dex+2}
  2316 | D:3      | Identified the +7 rapier "Ihuum" {vamp, rN+ SInv Stlth+}
  2352 | D:3      | Killed Grinder
  2353 | D:3      | Reached skill level 4 in Short Blades
  2353 | D:3      | Reached XP level 5. HP: 28/28 MP: 6/6
  2353 | D:3      | Reached XP level 6. HP: 32/32 MP: 7/7
  2440 | D:3      | Noticed Ijyb
  2450 | D:3      | Killed Ijyb
  2506 | D:3      | Found a runed translucent door.
  2507 | D:3      | Noticed Crazy Yiuf
  2885 | D:4      | Reached skill level 5 in Short Blades
  3204 | D:4      | Reached XP level 7. HP: 36/36 MP: 8/8
  3601 | D:4      | Reached skill level 6 in Short Blades
  3826 | D:5      | Entered Level 5 of the Dungeon
  3831 | D:5      | Found a runed translucent door.
  3844 | D:5      | Noticed a yak
  3844 | D:5      | Noticed iamserjio's ghost (novice VSMo)
  3943 | D:5      | Noticed Blork the orc
  3959 | D:5      | Gained mutation: You have razor-sharp teeth. [Vine Stalker
                  | growth]
  3959 | D:5      | Reached XP level 8. HP: 40/40 MP: 9/9
  3963 | D:5      | Killed Blork the orc
  4198 | D:5      | Found a white marble altar of Elyvilon.
  4754 | D:6      | Reached skill level 7 in Short Blades
  4759 | D:6      | Found a staircase to the Ecumenical Temple.
  4765 | D:6      | Found a runed translucent door.
  4780 | Temple   | Entered the Ecumenical Temple
  4801 | Temple   | Became a worshipper of Uskayaw the Reveller
  4826 | D:6      | Noticed grizmgrazm2's ghost (novice OnWn)
  4856 | D:6      | Reached * piety under Uskayaw
  4859 | D:6      | Reached ** piety under Uskayaw
  4956 | D:6      | Reached *** piety under Uskayaw
  4957 | D:6      | Reached XP level 9. HP: 45/45 MP: 10/10
  5094 | D:6      | Reached skill level 8 in Short Blades
  5208 | D:6      | Reached **** piety under Uskayaw
  5213 | D:6      | Reached ***** piety under Uskayaw
  5518 | D:3      | Killed Crazy Yiuf
  5519 | D:3      | Reached skill level 9 in Short Blades
  5800 | D:7      | Noticed Maggie
  5814 | D:7      | Killed Maggie
  5823 | D:7      | Reached skill level 10 in Short Blades
  6074 | D:7      | Reached XP level 10. HP: 49/49 MP: 11/11
  6257 | D:8      | Reached skill level 1 in Invocations
  6299 | D:8      | Identified the +0 chain mail of the Blacksmith {+Inv rElec
                  | Will- Int+8}
  6638 | D:8      | Reached skill level 11 in Short Blades
  6645 | D:8      | Found a transporter.
  6647 | D:8      | Found a transporter.
  6649 | D:8      | Found a corrupted altar of Lugonu.
  6781 | D:8      | Noticed a cyan ugly thing
  6784 | D:8      | Noticed a purple ugly thing
  7035 | D:5      | Killed iamserjio's ghost
  7040 | D:5      | Identified the +6 scale mail of the Gate {-Tele rF+ Regen+}
  7233 | D:9      | Found a staircase to the Orcish Mines.
  7275 | D:9      | Noticed Pikel
  7323 | D:9      | Killed Pikel
  7362 | D:9      | Noticed a two-headed ogre
  7482 | D:9      | Reached skill level 5 in Invocations
  7694 | D:9      | Reached XP level 11. HP: 54/54 MP: 16/16
  8199 | D:9      | Killed a two-headed ogre
  8200 | D:9      | Reached skill level 12 in Short Blades
  8402 | D:10     | Entered Level 10 of the Dungeon
  8465 | D:10     | Noticed a boulder beetle
  8481 | D:10     | Killed a boulder beetle
  8482 | D:10     | Reached skill level 5 in Shields
  8569 | D:10     | Reached skill level 5 in Fighting
  8627 | D:10     | You fall into a shaft and drop 2 floors!
  8667 | D:12     | Identified the +2 helmet "Pujih" {+Inv SInv}
  8765 | D:12     | Noticed Maurice
  8999 | D:10     | Noticed Urug
  9017 | D:10     | Killed Urug
  9043 | D:10     | Noticed Lodul
  9075 | D:10     | Killed Lodul
  9196 | D:10     | Noticed an ogre mage
  9523 | D:11     | Noticed a two-headed ogre
  9537 | D:11     | Killed a two-headed ogre
  9579 | D:11     | Reached XP level 12. HP: 60/60 MP: 17/17
  9612 | D:11     | Found a staircase to the Lair.
  9811 | D:11     | Reached skill level 13 in Short Blades
  9811 | D:11     | Noticed Amaemon
  9828 | D:11     | Reached ****** piety under Uskayaw
  9831 | D:11     | Killed Amaemon
 10177 | D:6      | Killed grizmgrazm2's ghost
 10377 | Lair:1   | Entered Level 1 of the Lair of Beasts
 11402 | Lair:1   | Identified the +8 dire flail of Day {pain, ^Contam Will-
                  | rCorr MP+9}
 11778 | Lair:2   | Found a staircase to the Swamp.
 12263 | Lair:2   | Reached skill level 10 in Shields
 12666 | Lair:3   | Found a staircase to the Snake Pit.
 12702 | Lair:3   | Reached XP level 13. HP: 63/65 MP: 19/19
 12758 | Lair:3   | Reached skill level 5 in Armour
 12758 | Lair:3   | Reached skill level 5 in Dodging
 13331 | Lair:4   | Found an opulent altar of Gozag.
 13483 | Lair:4   | Found a dark tunnel.
 13493 | Volcano  | Entered a volcano
 13865 | Volcano  | Found a radiant altar of Vehumet.
 13875 | Volcano  | Reached skill level 14 in Short Blades
 13999 | Volcano  | Noticed a fire dragon
 14012 | Volcano  | Killed a fire dragon
 14220 | Lair:4   | Found a staircase to the Slime Pits.
 14413 | Lair:4   | Identified the +1 robe "Ziuq" {Rampage rPois Dex+5}
 14702 | Lair:4   | Identified the +2 pair of gloves "Fuptaovo" {Rampage rPois
                  | Dex-3 SInv}
 14833 | Lair:5   | Entered Level 5 of the Lair of Beasts
 14854 | Lair:5   | Reached XP level 14. HP: 70/70 MP: 22/22
 15145 | Lair:5   | Identified the +5 trident "Giogganes" {vamp, rPois}
 15404 | Lair:5   | Found a large runed translucent door.
 15404 | Lair:5   | Found a large runed translucent door.
 15406 | Lair:5   | Noticed Rupert
 15407 | Lair:5   | Killed Rupert
 16071 | Lair:5   | Reached skill level 10 in Invocations
 16811 | D:12     | Found a transporter.
 16813 | D:12     | Found a transporter.
 17027 | D:12     | Killed Maurice
 17188 | D:11     | Found Rituve's Book Shoppe.
 17188 | D:11     | Found Zilufom's Armour Boutique.
 17192 | D:11     | Found Maoguxt's Weapon Shoppe.
 17192 | D:11     | Found Gitif's General Store.
 17260 | D:11     | Noticed Sonja
 17264 | D:11     | Killed Sonja
 17276 | D:11     | Found Raacvog's Magic Scroll Shop.
 17394 | D:11     | Bought a scroll of blinking for 82 gold pieces
 17418 | D:11     | Bought a scroll of revelation for 112 gold pieces
 17693 | D:8      | Identified the ring "Ucies" {rCorr Str+3}
 17773 | D:10     | Reached XP level 15. HP: 75/75 MP: 23/23
 17776 | D:10     | Identified the +12 crystal plate armour of Futav {rPois}
 18300 | Orc:1    | Entered Level 1 of the Orcish Mines
 18550 | Orc:2    | Entered Level 2 of the Orcish Mines
 18550 | Orc:2    | Noticed an orc warlord
 18581 | Orc:1    | Killed an orc warlord
 18822 | Orc:2    | Noticed Snorg
 18841 | Orc:2    | Killed Snorg
 19087 | Orc:2    | Found a staircase to the Elven Halls.
 19090 | Orc:2    | Found Vokepoed's Antique Armour Emporium.
 19132 | Orc:2    | Found Zilaban's Assorted Antiques.
 19215 | Orc:2    | Noticed Saint Roka
 19718 | Orc:2    | HP: 3/77 [Saint Roka/divine providence (8)]
 19719 | Orc:2    | Killed from afar by Saint Roka

Illustrated notes

Levels and vault maps discovered:
D:1:      dpeg_arrival_snail, layout_basic, hangedman_decor_slide_cut
D:2:      layout_basic, chequers_ecumenical_altar_grove
D:3:      layout_loops_ring, hangedman_abyss_or_decor_lesser_grid, uniq_grinder,
          uniq_crazy_yiuf_cottage, uniq_ijyb
D:4:      layout_basic
D:5:      layout_basic, nicolae_elyvilon_peaceful_grove,
          ebering_ghost_inner_flame, uniq_blork_the_orc
D:6:      layout_cave_pools, minmay_temple_entry_overgrown,
          hellmonk_ghost_happy_afterlife, grunt_ministairs_5
D:7:      layout_cave_pools, uniq_maggie
D:8:      gammafunk_corrupted_shrine, layout_loops_ring
D:9:      layout_stronghold, david_orc_3, uniq_pikel
D:10:     layout_loops_ring, small_chamber_with_monster, uniq_lodul, uniq_urug
D:11:     layout_basic, lair_entry_dummy, serial_shops, shop,
          nicolae_wooded_promenade, uniq_sonja, uniq_amaemon
D:12:     gammafunk_boulding_lane, layout_loops_cross, uniq_maurice
Temple:   mainiacjoe_temple_circle_huts
Lair:1:   layout_layer_cave, grunt_megastairs_1, infiniplex_staircase_pool_2,
          lemuel_fruit_fields
Lair:2:   layout_cave_pods, skrybe_swamp_entry_bodies, grunt_megastairs_2
Lair:3:   layout_big_grid, minmay_snake_entry_six_corridors
Lair:4:   layout_hall_layers, slime_entry_1, basic_altar,
          nicolae_volcano_entry_lava_flow, hangedman_lair_generics_rect
Lair:5:   cheibrodos_lair_end_hotspot, layout_cave_pods, uniq_rupert
Orc:1:    layout_caves
Orc:2:    grunt_orc_community_town_hall, layout_diamond_mine,
          grunt_orc_community_big_house_1, grunt_orc_community_big_house_2,
          grunt_orc_community_house_3, grunt_orc_community_house_2,
          grunt_orc_community_house_2, grunt_orc_community_house_3,
          serial_shops, nicolae_shop_dealshenge, uniq_snorg, uniq_saint_roka

Skill      XL: |  1  2  3  4  5  6  7  8  9 10 11 12 13 14 15 |
---------------+----------------------------------------------+-----
Short Blades   | 2 3 4 5 6 7 10 11 12 13 14 | 14.0
Dodging        | 1 2 3 4 5 6 |  6.7
Fighting       | 3 4 5 6 7 |  7.8
Shields        | 3 4 8 10 12 13 | 13.6
Armour         | 3 4 5 6 7 |  7.1
Invocations    | 5 6 9 10 | 10.6

Action                     |  1- 3 |  4- 6 |  7- 9 | 10-12 | 13-15 || total
---------------------------+-------+-------+-------+-------+-------++-------
  Melee: Rapier            |   107 |    59 |   279 |   618 |  1230 ||  2293
         Bite              |    30 |    27 |    92 |   222 |   510 ||   881
         Dagger            |    18 |    34 |       |       |       ||    52
   Fire: Sling             |       |     6 |    25 |       |       ||    31
  Throw: Dart              |       |       |       |     6 |       ||     6
 Invoke: Grand Finale      |       |       |       |       |     1 ||     1
    Use: Scroll            |       |     6 |     4 |    12 |     3 ||    25
         Potion            |       |       |       |     1 |       ||     1
   Stab: Sleeping          |       |     2 |       |     2 |       ||     4
         Paralysed         |       |       |     5 |    37 |    84 ||   126
 Armour: Scale mail        |    81 |    38 |     6 |   144 |   296 ||   565
         Chain mail        |       |       |    74 |       |       ||    74
         Plate armour      |       |       |    18 |    14 |       ||    32
         Steam dragon scal |       |       |       |     5 |       ||     5
         Crystal plate arm |       |       |       |       |   121 ||   121
  Dodge: Dodged            |    61 |    56 |   139 |   217 |   310 ||   783
  Block: Buckler           |    17 |    19 |    59 |    26 |       ||   121
         Kite shield       |       |       |       |   248 |   775 ||  1023

Table legend: (Time is in decaauts)
 A = Elapsed time spent in this place.
 B = Non-inter-level travel time spent in this place.
 C = Inter-level travel time spent in this place.
 D = Time resting spent in this place.
 E = Time spent auto-exploring this place.
 F = Levels seen in this place.
 G = Mean time per level.
                   A        B        C        D        E       F      G
               +--------+--------+--------+--------+--------+-----+--------+
         Total |  19021 |  16250 |   2771 |    529 |   9730 |  21 |  905.8 |
       Dungeon |  12089 |  10065 |   2024 |    478 |   6335 |  12 | 1007.4 |
        Temple |     42 |      2 |     40 |      0 |      0 |   1 |   42.0 |
          Lair |   5109 |   4463 |    646 |     18 |   2922 |   5 | 1021.8 |
  Orcish Mines |   1253 |   1193 |     60 |      4 |    472 |   2 |  626.5 |
       Volcano |    526 |    526 |      0 |     29 |      0 |   1 |  526.0 |
               +--------+--------+--------+--------+--------+-----+--------+

Top non-repeatable levels by time:
  Lair:5: 1347 daAuts
  Lair:1: 1238 daAuts
    D:11: 1217 daAuts
     D:9: 1216 daAuts
     D:2: 1129 daAuts
     D:8: 1110 daAuts
    D:10: 1079 daAuts
     D:5: 1064 daAuts
  Lair:4: 1009 daAuts
     D:3: 1007 daAuts
     D:4: 988 daAuts
    D:12: 956 daAuts
     D:6: 927 daAuts
  Lair:2: 830 daAuts
     D:1: 826 daAuts
